 Seeded DCSS version 0.29-a0-998-g1987434951 (webtiles) character file.

Game seed: 2022080 (custom seed)

37 purpskrrrp the Sneak (level 3, 0/19 HPs)
             Began as a Kobold Enchanter on Aug 5, 2022.
             Was a Believer of Lugonu.
             Slain by Jessica
             ... wielding a +4 club
              (6 damage)
             ... on level 2 of the Dungeon.
             The game lasted 00:04:26 (2050 turns).

purpskrrrp the Sneak (Kobold Enchanter)             Turns: 2050, Time: 00:04:28

Health: 0/19       AC:  2    Str:  5    XL:     3   Next: 62%
Magic:  6/6        EV: 15    Int: 16    God:    Lugonu [**....]
Gold:   80         SH:  0    Dex: 17    Spells: 6/6 levels left

rFire   . . .      SeeInvis .   a - +1 dagger
rCold   . . .      Faith    .   (no shield)
rNeg    . . .      Spirit   .   b - +0 robe
rPois   .          Reflect  .   (no helmet)
rElec   .          Harm     .   (no cloak)
rCorr   .          Rampage  .   (no gloves)
Will    .....                   (no boots)
Stlth   ++++......              (no amulet)
HPRegen 0.06/turn               (no ring)
MPRegen 0.10/turn               (no ring)

@: no status effects
A: small, no large weapons, nightstalker 3
a: Renounce Religion, Depart the Abyss, Bend Space


You were on level 2 of the Dungeon.
You worshipped Lugonu.
Lugonu was pleased with you.
You visited 1 branch of the dungeon, and saw 2 of its levels.

You collected 80 gold pieces.

Inventory:

Hand Weapons
 a - a +1 dagger (weapon)
Armour
 b - a +0 robe (worn)
Scrolls
 d - a scroll of identify
 f - a scroll of blinking
 g - a scroll of teleportation
Potions
 c - a potion of invisibility
 e - a potion of curing
 h - a potion of resistance


   Skills:
 + Level 2.3 Short Blades
 + Level 3.0 Dodging
 * Level 5.2 Stealth
 - Level 2.1 Spellcasting
 - Level 3.0 Hexes


You had 6 spell levels left.
You didn't know any spells.
Your spell library contained the following spells:

 Spells                   Type           Power      Damage    Failure   Level
 Ensorcelled Hibernation  Hex/Ice        12%        N/A       17%         2
 Confusing Touch          Hex            11%        N/A       19%         3
 Tukima's Dance           Hex            11%        N/A       19%         3
 Dazzling Flash           Conj/Hex       12%        N/A       32%         3


Dungeon Overview and Level Annotations

Branches:
Dungeon (2/15)

Altars:
Lugonu

Annotations:
D:2 Jessica


Innate Abilities, Weirdness & Mutations

You are small and have problems with some larger weapons.
You are completely attuned to the shadows.


Message History

No target in view!
No target in view!
No target in view!
Jessica the Apprentice Sorceress comes into view.
She is wielding a +4 club.
Jessica is nearby!
Jessica shouts!
Jessica hits you with a +4 club.
You see here 7 gold pieces.
You barely miss Jessica. Jessica closely misses you.
You completely miss Jessica. Jessica hits you with a +4 club!
You are too injured to fight recklessly!
You are too injured to fight recklessly!
You are too injured to fight recklessly!
You are too injured to fight recklessly!
You are too injured to fight recklessly!
You are too injured to fight recklessly!
You are too injured to fight recklessly!
You are too injured to fight recklessly!
You are too injured to fight recklessly!
You are too injured to fight recklessly!
You are too injured to fight recklessly!
You are too injured to fight recklessly!
You are too injured to fight recklessly!
You are too injured to fight recklessly!
You are too injured to fight recklessly!
You are too injured to fight recklessly!
You are too injured to fight recklessly!
You are too injured to fight recklessly!
You are too injured to fight recklessly!
You are too injured to fight recklessly!
You are too injured to fight recklessly!
You are too injured to fight recklessly!
You are too injured to fight recklessly!
Hit: a) +1 dagger
Press: ? - help, Dir - move target, f - Jessica
Aim: Jessica, wielding a +4 club and wearing a +0 robe (about 34% to evade your +1 dagger)
You hit Jessica.
Jessica is heavily wounded.
Jessica hits you with a +4 club.
You die...

#.##
#..#
##.#
#.##
#..#
##.#
#.#
#.#
#@#
#.@#
##.#
..
.#.


You could see Jessica.

Vanquished Creatures
  3 dart slugs (D:1)
  5 ball pythons (D:1)
  3 endoplasms (D:1)
  A giant cockroach (D:2)
  A goblin (D:1)
  3 hobgoblins (D:1)
  2 quokkas (D:1)
  2 bats (D:1)
  2 frilled lizards (D:1)
  4 kobolds (D:1)
  4 rats (D:1)
30 creatures vanquished.

Notes
Turn   | Place    | Note
-------+----------+-------------------------------------------
     0 | D:1      | purpskrrrp the Kobold Enchanter began the quest for the
                  | Orb.
     0 | D:1      | Reached XP level 1. HP: 10/10 MP: 3/3
   824 | D:1      | Reached XP level 2. HP: 15/15 MP: 5/5
  1333 | D:1      | Reached XP level 3. HP: 19/19 MP: 6/6
  1466 | D:1      | Reached skill level 5 in Stealth
  1718 | D:1      | Found a faded altar of an unknown god.
  1977 | D:1      | Prayed at the altar of an unknown god.
  1977 | D:1      | Became a worshipper of Lugonu the Unformed
  1977 | D:1      | Reached * piety under Lugonu
  1977 | D:1      | Reached ** piety under Lugonu
  2044 | D:2      | Noticed Jessica
  2050 | D:2      | Slain by Jessica

Illustrated notes

Levels and vault maps discovered:
D:1:      lightli_arrival_isolated_outpost, layout_loops_ring,
          hellmonk_ecumenical_altar_defaced_shrine, chequers_avenue,
          chequers_jeans, minmay_tetromino_t4
D:2:      layout_rooms, kennysheep_generic_room_4, uniq_robin, uniq_jessica

Skill      XL: |  1  2  3 |
---------------+----------+-----
Short Blades   | 2 |  2.3
Stealth        | 5 |  5.2
Dodging        | 3 |  3.0
Spellcasting   | |  2.1
Hexes          | |  3.0

Action                   || total
-------------------------++-------
Melee: Dagger            ||    95
  Use: Potion            ||     1
       Scroll            ||     4
 Stab: Sleeping          ||    12
Armor: Robe              ||    16
Dodge: Dodged            ||    60

Table legend: (Time is in decaauts)
 A = Elapsed time spent in this place.
 B = Non-inter-level travel time spent in this place.
 C = Inter-level travel time spent in this place.
 D = Time resting spent in this place.
 E = Time spent auto-exploring this place.
 F = Levels seen in this place.
 G = Mean time per level.
                   A        B        C        D        E       F      G
               +--------+--------+--------+--------+--------+-----+--------+
         Total |   2052 |   1950 |    102 |    694 |   1050 |   2 | 1026.0 |
       Dungeon |   2052 |   1950 |    102 |    694 |   1050 |   2 | 1026.0 |
               +--------+--------+--------+--------+--------+-----+--------+

Top non-repeatable levels by time:
     D:1: 2030 daAuts
     D:2: 22 daAuts
